 Dungeon Crawl Stone Soup version 0.31-a0-557-g6e16503903 (webtiles) character file.

Game seed: 14475497669331628214

1513 Ofeo the Fighter (level 8, -7/79 HPs)
             Began as a Red Draconian Hexslinger on Aug 16, 2023.
             Was a Believer of Zin.
             Killed by divine providence
             ... invoked by an orc priest
              (13 damage)
             ... on level 9 of the Dungeon.
             The game lasted 00:09:49 (7163 turns).

Ofeo the Fighter (Red Draconian Hexslinger)         Turns: 7163, Time: 00:09:49

Health: -7/79      AC: 11    Str: 10    XL:     8   Next: 53%
Magic:  11/11      EV: 13    Int: 14    God:    Zin [**....]
Gold:   199        SH:  0    Dex: 16    Spells: 4/12 levels left

rFire   + . .        t - +1 shortbow
rCold   . . .        (shield currently unavailable)
rNeg    . . .        (body armour unavailable)
rPois   .            (helmet restricted)
rElec   .            (no cloak)
rCorr   .            o - +0 pair of gloves
SInv    .            (no boots)
Will    .....        (no amulet)
Stlth   +            c - ring of wizardry
HPRegen 0.33/turn    n - +4 ring of protection
MPRegen 0.12/turn

%: wizardry (x1)
@: no status effects
A: breathe fire, AC +6, unfitting armour, fire resistance 1, cold-blooded
a: Breathe Fire, Renounce Religion, Recite, Vitalisation, Donate Gold


You were on level 9 of the Dungeon.
You worshipped Zin.
Zin was pleased with you.
You visited 2 branches of the dungeon, and saw 10 of its levels.

You collected 221 gold pieces.
You donated 22 gold pieces to Zin.

Inventory:

Hand Weapons
 a - a +1 sling
 t - a +1 shortbow (weapon)
Armour
 o - a +0 pair of gloves (worn)
Jewellery
 c - a ring of wizardry (left hand)
 i - an amulet of magic regeneration
 n - a +4 ring of protection (right hand)
Wands
 g - a wand of roots (2)
Scrolls
 b - a scroll of poison
 d - 4 scrolls of fear
 e - 4 scrolls of blinking {@r4}
 f - a scroll of amnesia
 r - a scroll of enchant weapon
Potions
 h - a potion of heal wounds {@q2}
 j - a potion of enlightenment {unknown}
 k - a potion of ambrosia {unknown}
 l - 3 potions of lignification
 m - 2 potions of attraction {unknown}
 s - a potion of haste {@q3}
 I - a potion of invisibility


   Skills:
 + Level 10.0 Fighting
 - Level 3.0 Ranged Weapons
 - Level 3.1 Dodging
 - Level 2.5 Spellcasting
 - Level 3.6 Hexes


You had 4 spell levels left.
You knew the following spells:

 Your Spells              Type           Power      Damage    Failure   Level
a - Slow                  Hex            48%        N/A       1%          1
b - Inner Flame           Hex/Fire       6%         N/A       13%         3
c - Cause Fear            Hex            6%         N/A       21%         4

Your spell library contained the following spells:

 Spells                   Type           Power      Damage    Failure   Level
 Portal Projectile        Hex/Tloc       12%        N/A       13%         3
 Static Discharge         Conj/Air       2%         2-3/arc   14%         2
 Airstrike                Air            0%         2d(1-17)  63%         4
 Summon Lightning Spire   Summ/Air       1%         N/A       63%         4


Dungeon Overview and Level Annotations

Branches:
Dungeon (10/15)            Temple (1/1) D:4
   Lair: D:8-11         Orc: D:9-12

Altars:
Ashenzari
Cheibriados
Dithmenos
Elyvilon
Gozag
Hepliaklqana
Kikubaaqudgha
Makhleb
Nemelex Xobeh
Okawaru
Qazlal
Trog
Uskayaw
Xom
Yredelemnul
Zin
The Shining One

Shops:
D:6 [

Annotations:
D:5 3 runed translucent doors, deremet's ghost, weakling GnDe


Innate Abilities, Weirdness & Mutations

You can breathe blasts of fire.
Your fiery red scales are hard. (AC +6)
You cannot fit into any form of body armour.
Your flesh is heat resistant. (rF+)
You are cold-blooded and may be slowed by cold attacks.


Message History

The orc warrior is almost dead.
The orc priest calls upon Beogh to heal the orc warrior.
The orc warrior is healed somewhat.
The orc warrior hits you but does no damage.
Fire: t) +1 shortbow
Press: ? - help, Q - select action, (/) - cycle Shift-Dir - straight line, f/p - orc warrior
Aim: an orc warrior, wielding a +0 trident and wearing a +0 plate armour (severely wounded, 66% to hit)
You shoot an arrow.
The arrow barely misses the orc warrior.
The orc warrior hits you but does no damage.
Fire: t) +1 shortbow
Press: ? - help, Q - select action, (/) - cycle Shift-Dir - straight line, f/p - orc warrior
Aim: an orc warrior, wielding a +0 trident and wearing a +0 plate armour (severely wounded, 66% to hit)
You shoot an arrow. The arrow hits the orc warrior.
The orc warrior is almost dead.
You feel less wooden.
Your +0 pair of gloves unmelds from your body.
The orc warrior hits you from afar with a +0 trident.
* * * LOW HITPOINT WARNING * * *
The orc warrior barely misses you.
You now have 5/79 hp.
Fire: t) +1 shortbow
Press: ? - help, Q - select action, (/) - cycle Shift-Dir - straight line, f/p - orc warrior
Aim: an orc warrior, wielding a +0 trident and wearing a +0 plate armour (almost dead, 66% to hit)
You shoot an arrow.
The arrow closely misses the orc warrior.
The arrow hits the goblin.
The goblin is severely wounded.
The orc warrior barely misses you.
Fire: t) +1 shortbow
Press: ? - help, Q - select action, (/) - cycle Shift-Dir - straight line, f/p - orc warrior
Aim: an orc warrior, wielding a +0 trident and wearing a +0 plate armour (almost dead, 66% to hit)
You shoot an arrow. The arrow hits the orc warrior.
You kill the orc warrior!
A magic dart appears from out of thin air!
The magic dart hits something!
Your Fighting skill increases to level 10!
The orc priest mumbles some strange prayers to Beogh against you.
Beogh smites you!
You die...

#.... #........ #....
#........
#..$.########......o.
#...o.).....oog.....
#......o.c..o>#
#...>.#######)#
.........+ #.#
.........# #.####
.........# #@...#
.........# #....#
.........# #....#
######...# #....#
#...# #....# #...##
#...# #...#


You could see an orc priest, 2 orcs and a goblin.

Vanquished Creatures
  Sigmund (D:3)
  2 orc warriors
  An ice beast (D:6)
  A sky beast (D:7)
  2 black bears
  2 centaurs
  A phantom (D:6)
  A bullfrog (D:7)
  A howler monkey (D:5)
  3 hounds
  An orc priest (D:5)
  A jelly (D:5)
  2 orc wizards
  Robin (D:2)
  8 gnolls
  6 adders
  A shadow imp (D:7)
  An ufetubus (D:5)
  3 worms
  2 dart slugs
  10 orcs
  4 endoplasms
  5 giant cockroaches
  6 hobgoblins
  5 quokkas
  4 ball pythons
  5 bats
  3 frilled lizards
  19 goblins
  6 kobolds
  4 rats
112 creatures vanquished.

Notes
Turn   | Place    | Note
-------+----------+-------------------------------------------
     0 | D:1      | Ofeo the Draconian Hexslinger began the quest for the Orb.
     0 | D:1      | Reached XP level 1. HP: 16/16 MP: 2/2
   114 | D:1      | Found a faded altar of an unknown god.
   160 | D:1      | Reached XP level 2. HP: 23/23 MP: 3/3
   165 | D:1      | Prayed at the altar of an unknown god.
   165 | D:1      | Became a worshipper of the Shining One
   165 | D:1      | Reached * piety under the Shining One
   984 | D:2      | Reached XP level 3. HP: 29/29 MP: 5/5
   998 | D:2      | Noticed Robin
  1015 | D:2      | Killed Robin
  1016 | D:2      | Reached skill level 2 in Fighting
  1251 | D:2      | Reached XP level 4. HP: 36/36 MP: 6/6
  2303 | D:3      | Noticed Sigmund
  2321 | D:3      | Killed Sigmund
  2322 | D:3      | Reached skill level 3 in Fighting
  2322 | D:3      | Reached XP level 5. HP: 45/45 MP: 6/8
  2322 | D:3      | Reached XP level 6. HP: 51/51 MP: 6/9
  3686 | D:3      | Learned a level 3 spell: Inner Flame
  3691 | D:3      | Learned a level 4 spell: Cause Fear
  3875 | D:4      | Found a staircase to the Ecumenical Temple.
  4638 | D:4      | Reached skill level 4 in Fighting
  4839 | D:5      | Entered Level 5 of the Dungeon
  5148 | D:5      | Reached ** piety under the Shining One
  5159 | D:5      | Reached skill level 5 in Fighting
  5182 | D:5      | Your scales start taking on a fiery red colour.
  5182 | D:5      | Reached XP level 7. HP: 60/61 MP: 10/10
  5182 | D:5      | Gained mutation: Your flesh is heat resistant. (rF+) [Red
                  | Draconian growth]
  5506 | D:5      | Found a runed translucent gate.
  5506 | D:5      | Found a runed translucent gate.
  5506 | D:5      | Found a runed translucent gate.
  5506 | D:5      | Noticed deremet's ghost (weakling GnDe)
  5596 | D:5      | Found a stormy altar of Qazlal.
  5732 | D:5      | Reached skill level 6 in Fighting
  6057 | D:6      | Found Serchuasu's Antique Armour Shop.
  6106 | D:6      | Reached skill level 7 in Fighting
  6280 | Temple   | Entered the Ecumenical Temple
  6671 | D:7      | Reached skill level 8 in Fighting
  6671 | D:7      | Reached XP level 8. HP: 58/74 MP: 11/11
  6965 | D:7      | Found a burning altar of Makhleb.
  6965 | D:7      | Found a glowing silver altar of Zin.
  6975 | D:7      | Reached skill level 9 in Fighting
  6984 | D:7      | Found a broken altar of Ashenzari.
  6990 | D:7      | Fell from the grace of the Shining One
  6990 | D:7      | Became a worshipper of Zin the Law-Giver
  6990 | D:7      | Reached * piety under Zin
  6990 | D:7      | Reached ** piety under Zin
  7086 | D:7      | You fall into a shaft and drop 3 floors!
  7086 | D:10     | Entered Level 10 of the Dungeon
  7163 | D:9      | Reached skill level 10 in Fighting
  7163 | D:9      | Killed from afar by an orc priest

Illustrated notes

Levels and vault maps discovered:
D:1:      wheals_arrival_shading, layout_loops_cross,
          nicolae_ecumenical_lake_church, minmay_split_cup_large
D:2:      layout_basic, uniq_robin
D:3:      layout_basic, serial_co_window_serial, co_window_of_opportunity_a,
          co_window_paths_a, co_window_cross_1, co_window_of_opportunity_a,
          co_window_paths_a, co_window_corner_ca, co_window_broadway_a,
          co_window_of_opportunity_b, co_window_cross_4, co_window_corner_b,
          co_window_paths_e, glass_columns_a, glass_columns_b, glass_columns_b,
          glass_columns_a, uniq_sigmund
D:4:      layout_basic, minmay_temple_entry_water_ring,
          hangedman_abyss_or_decor_passed, hangedman_abyss_or_decor_stagger
D:5:      layout_cave_pods, grunt_qazlal_clouds, gammafunk_ghost_split,
          supply_closet_lemuel
D:6:      layout_rooms, serial_shops, shop
D:7:      layout_basic, nicolae_overflow_hallway_of_the_gods, uniq_pikel
D:9:      layout_irregular_city, vehumet_altar_wand_db, uniq_maurice,
          uniq_harold, uniq_maggie
D:10:     layout_loops_cross, fedhas_altar_fruit_tree
Temple:   nicolae_temple_bog_church

Skill      XL: |  1  2  3  4  5  6  7  8 |
---------------+-------------------------+-----
Ranged Weapons | 2 3 |  3.0
Dodging        | 2 3 |  3.1
Hexes          | 3 |  3.6
Fighting       | 2 3 5 8 10 | 10.0
Spellcasting   | 2 |  2.5

Action                     |  1- 3 |  4- 6 |  7- 9 || total
---------------------------+-------+-------+-------++-------
  Melee: Sling             |       |     2 |       ||     2
         Tailslap          |       |     1 |       ||     1
   Fire: Sling             |   102 |   196 |   106 ||   404
         Shortbow          |       |       |    66 ||    66
   Cast: Slow              |       |       |     4 ||     4
         Cause Fear        |       |       |     1 ||     1
 Invoke: Divine Shield     |       |       |     2 ||     2
Ability: Breathe Fire      |       |       |     5 ||     5
  Evoke: Wand              |     2 |     1 |     1 ||     4
    Use: Scroll            |       |     7 |     3 ||    10
         Potion            |       |     1 |     3 ||     4
 Armour: Skin              |    21 |    35 |    79 ||   135
  Dodge: Dodged            |    37 |    77 |   107 ||   221
  Block: Other             |       |       |     2 ||     2

Table legend: (Time is in decaauts)
 A = Elapsed time spent in this place.
 B = Non-inter-level travel time spent in this place.
 C = Inter-level travel time spent in this place.
 D = Time resting spent in this place.
 E = Time spent auto-exploring this place.
 F = Levels seen in this place.
 G = Mean time per level.
                   A        B        C        D        E       F      G
               +--------+--------+--------+--------+--------+-----+--------+
         Total |   7295 |   6859 |    436 |    505 |   5292 |  10 |  729.5 |
       Dungeon |   7239 |   6811 |    428 |    505 |   5292 |   9 |  804.3 |
        Temple |     56 |     49 |      7 |      0 |      0 |   1 |   56.0 |
               +--------+--------+--------+--------+--------+-----+--------+

Top non-repeatable levels by time:
     D:3: 1651 daAuts
     D:2: 1237 daAuts
     D:5: 1216 daAuts
     D:4: 1171 daAuts
     D:1: 919 daAuts
     D:6: 670 daAuts
     D:7: 284 daAuts
     D:9: 59 daAuts
  Temple: 56 daAuts
    D:10: 28 daAuts
